 Dungeon Crawl Stone Soup version 0.32-a0-900-g30fb1b0edc (webtiles) character file.

Game seed: 5645107421900846297

347 Lanoc the Ruffian (level 6, -7/49 (50) HPs)
             Began as a Draconian Shapeshifter on Apr 5, 2024.
             Was an Initiate of Makhleb.
             Mangled by a gnoll
             ... wielding a +1 flail of draining
             ... led by a gnoll bouda
              (11 damage)
             ... on level 4 of the Dungeon.
             The game lasted 00:02:43 (1954 turns).

Lanoc the Ruffian (Draconian Shapeshifter)          Turns: 1954, Time: 00:02:44

HP:   -7/49 (50)    AC:  6    Str: 16 (18) XL:     6   Next: 32%
MP:   6/6           EV: 11    Int:  9 (11) God:    Makhleb [......]
Gold: 161           SH:  0    Dex:  9 (10) Spells: 5/5 levels left

rFire   . .          .
                       - Unarmed
rCold   . . .        (no shield)
rNeg    . . .        (body armour unavailable)
rPois   .            (helmet currently unavailable)
rElec   .            (cloak currently unavailable)
rCorr   .            (gloves currently unavailable)
SInv    +            (boots currently unavailable)
Will    .....        (no amulet)
Stlth   +            p - ring of see invisible
HPRegen 0.28/turn    (no ring)
MPRegen 0.10/turn

%: no passive effects
@: confused, beast-form, ambrosia-drunk, lightly drained
A: beast (slay +2), AC +6, unfitting armour, cold-blooded
a: Begin Untransformation, Renounce Religion


You were on level 4 of the Dungeon.
You worshipped Makhleb.
Makhleb was noncommittal.
You were a hulking beast.
You visited 1 branch of the dungeon, and saw 4 of its levels.

You collected 161 gold pieces.

Inventory:

Jewellery
 p - a ring of see invisible (left hand)
Talismans
 b - a beast talisman (active)
 c - a flux talisman
Scrolls
 g - 2 scrolls of poison {unknown}
 h - a scroll of enchant weapon {unknown}
 i - a scroll of teleportation {unknown}
 k - a scroll of vulnerability {unknown}
 l - a scroll of fog {unknown}
 o - a scroll of summoning {unknown}
 q - a scroll of identify {unknown}
Potions
 a - a potion of lignification
 j - 2 potions of cancellation {unknown}
 m - a potion of brilliance {unknown}
 n - a potion of heal wounds {unknown}


   Skills:
 + Level 2.8 Fighting
 + Level 2.8 Dodging
 * Level 4.9 Unarmed Combat
 * Level 4.5 Shapeshifting


You had 5 spell levels left.
You didn't know any spells.
Your spell library contained the following spells:

 Spells                   Type           Power      Damage    Failure   Level
 Summon Blazeheart Golem  Fire/Summ      0%         N/A       99%         4
 Sculpt Simulacrum        Ice/Alch       0%         N/A       100%        6
 Orb of Destruction       Conj           0%         9d5       100%        7
 Ozocubu's Refrigeration  Ice            0%         4d7       100%        7
 Spellforged Servitor     Conj/Summ      0%         N/A       100%        7
 Polar Vortex             Ice            0%         N/A       100%        9


Dungeon Overview and Level Annotations

Branches:
Dungeon (4/15)
 Temple: D:4-7

Altars:
Ashenzari
Dithmenos
Fedhas
Gozag
Makhleb
Qazlal
Uskayaw


Innate Abilities, Weirdness & Mutations

You are a hulking beast.
Your limbs bulge with bestial killing power. (Slay +2)
Your plain brown scales are hard. (AC +6)
You cannot fit into any form of body armour.
You are cold-blooded and may be slowed by cold attacks.


Message History

The gnoll bouda shouts!
You hear a shout!
The gnoll bouda barks out a call to the hunt!
The gnoll picks up the pace!
A gnoll comes into view. It is wielding a +0 flail.
The gnoll hits you from afar with a +0 halberd!
A gnoll comes into view. It is wielding a +1 flail of draining.
The gnoll shouts!
You hit the gnoll bouda.
The gnoll bouda is lightly wounded.
The gnoll hits you from afar with a +0 halberd!
You hit the gnoll bouda. You tail-slap the gnoll bouda.
The gnoll bouda is severely wounded.
The gnoll misses you.
You hit the gnoll bouda.
The gnoll bouda is severely wounded.
The gnoll barely misses you.
The gnoll bouda hits you with a +0 whip!
The gnoll hits you with a +0 flail.
You hit the gnoll bouda. You tail-slap the gnoll bouda.
You kill the gnoll bouda!
Makhleb accepts your kill. The gnoll barely misses you. x2
It was a potion of magic.
Magic courses through your body.
The gnoll hits you with a +1 flail of draining!
You feel drained.
* * * LOW HITPOINT WARNING * * *
The gnoll closely misses you.
The gnoll hits you from afar with a +0 halberd!
* * * LOW HITPOINT WARNING * * *
It was a potion of degeneration.
There was something very wrong with that liquid.
You feel weakened.
You feel dopey.
You feel clumsy. The gnoll barely misses you. The gnoll misses you.
The gnoll hits you from afar with a +0 halberd.
* * * LOW HITPOINT WARNING * * *
It was a potion of ambrosia.
You are confused.
You feel invigorated.
The gnoll hits you with a +1 flail of draining!
You die...

. . ## .#
.### #.#
..# ...
####g##.#
#..g....#
#hg#
##....#
####.# ..
... .J #


You could see 3 gnolls.

Vanquished Creatures
  Grinder (D:3)
  A gnoll bouda (D:4)
  An orc wizard (D:3)
  3 adders (D:2)
  3 ribbon worms
  7 orcs
  2 endoplasms (D:3)
  5 goblins
  9 hobgoblins
  2 jackals (D:1)
  2 quokkas
  6 ball pythons
  5 bats
  A frilled lizard (D:1)
  5 kobolds
  4 rats
57 creatures vanquished.

Notes
Turn   | Place    | Note
-------+----------+-------------------------------------------
     0 | D:1      | Lanoc the Draconian Shapeshifter began the quest for the
                  | Orb.
     0 | D:1      | Reached XP level 1. HP: 16/16 MP: 1/1
   165 | D:1      | Reached XP level 2. HP: 23/23 MP: 2/2
   694 | D:2      | Found a blossoming altar of Fedhas.
   712 | D:2      | Reached XP level 3. HP: 28/28 MP: 3/3
  1305 | D:3      | Noticed Grinder
  1316 | D:2      | Reached XP level 4. HP: 26/36 MP: 4/4
  1446 | D:3      | Found a shadowy altar of Dithmenos.
  1446 | D:3      | Found a burning altar of Makhleb.
  1446 | D:3      | Found a broken altar of Ashenzari.
  1448 | D:3      | Found a stormy altar of Qazlal.
  1456 | D:3      | Found an opulent altar of Gozag.
  1493 | D:3      | Became a worshipper of Makhleb the Destroyer
  1503 | D:3      | Found a hide-covered altar of Uskayaw.
  1559 | D:3      | Paralysed by Grinder for 3 turns
  1565 | D:3      | Killed Grinder
  1566 | D:3      | Reached XP level 5. HP: 24/42 MP: 5/5
  1566 | D:3      | Reached XP level 6. HP: 29/50 MP: 6/6
  1910 | D:4      | Found a blossoming altar of Fedhas.
  1953 | D:4      | HP: 1/49 [gnoll/+0 halberd[a gnoll bouda] (3)]
  1954 | D:4      | Mangled by a gnoll

Illustrated notes

Levels and vault maps discovered:
D:1:      grunt_arrival_lava_bath, layout_loops_ring, grunt_decor_mini_mirrors,
          minmay_misc_feat_x
D:2:      layout_rooms, basic_altar, guppyfry_early_orc_mine
D:3:      layout_basic, eat_drink_and_be_merry_uskayaw,
          grunt_temple_overflow_open, uniq_grinder
D:4:      layout_rooms, lemuel_tele_altar, kennysheep_generic_room_7

Skill      XL: |  1  2  3  4 |
---------------+-------------+-----
Dodging        | 2 |  2.8
Fighting       | 2 |  2.8
Unarmed Combat | 4 |  4.9
Shapeshifting  | 4 |  4.5

Action                     |  1- 3 |  4- 6 || total
---------------------------+-------+-------++-------
  Melee: Unarmed           |    95 |    62 ||   157
         Tailslap          |    11 |     8 ||    19
         Punch             |       |     2 ||     2
    Use: Potion            |       |     3 ||     3
 Armour: Skin              |    62 |    31 ||    93
  Dodge: Dodged            |    47 |    34 ||    81

Table legend: (Time is in decaauts)
 A = Elapsed time spent in this place.
 B = Non-inter-level travel time spent in this place.
 C = Inter-level travel time spent in this place.
 D = Time resting spent in this place.
 E = Time spent auto-exploring this place.
 F = Levels seen in this place.
 G = Mean time per level.
                   A        B        C        D        E       F      G
               +--------+--------+--------+--------+--------+-----+--------+
         Total |   1942 |   1847 |     95 |      0 |   1482 |   4 |  485.5 |
       Dungeon |   1942 |   1847 |     95 |      0 |   1482 |   4 |  485.5 |
               +--------+--------+--------+--------+--------+-----+--------+

Top non-repeatable levels by time:
     D:2: 683 daAuts
     D:1: 644 daAuts
     D:3: 565 daAuts
     D:4: 48 daAuts
